 Dungeon Crawl Stone Soup version 0.17.0-1-g61d176b (webtiles) character file.

24402 tizzy the Severer (level 12, 0/99 HPs)
             Began as a Demonspawn Gladiator on Nov 7, 2015.
             Was the Champion of Makhleb.
             Killed from afar by a frost giant (16 damage)
             ... with a bolt of cold
             ... in an ice cave.
             The game lasted 00:44:26 (14086 turns).

tizzy the Severer (Demonspawn Gladiator)           Turns: 14086, Time: 00:44:26

Health: 0/99       AC: 25    Str: 19    XL:     12   Next: 80%
Magic:  12/12      EV: 12    Int: 11    God:    Makhleb [******]
Gold:   1362       SH:  0    Dex: 19    Spells: 0 memorised, 11 levels left

rFire  + . .     SeeInvis .     r - +1 broad axe (elec)
rCold  . . .     Clarity  .     l - +0 plate armour
rNeg   + . .     SustAt   .     (no shield)
rPois  +         Gourm    .     (helmet restricted)
rElec  .         Spirit   .     L - +1 cloak {rPois}
rCorr  .         Warding  .     V - +0 pair of gloves (curse)
rMut   +         Stasis   .     T - +0 pair of boots
MR     .....                    f - amulet of resist mutation
Stlth  ..........               w - ring of positive energy
                                m - ring of protection from fire

@: agile, not resistant to hostile enchantments, extremely unstealthy
A: horns 1, iridescent scales 2, demonic guardian 1, rot immunity
a: Minor Destruction, Lesser Servant of Makhleb, Major Destruction, Greater
Servant of Makhleb, Renounce Religion


You were in an ice cave.
You worshipped Makhleb.
Makhleb was exalted by your worship.
You were full.

You visited 3 branches of the dungeon, and saw 16 of its levels.
You also visited: Sewer, Bailey and Ice Cave.

You collected 1362 gold pieces.

Inventory:

Hand Weapons
 r - a +1 broad axe of electrocution (weapon)
 y - a +0 broad axe
 N - a +0 hand axe of flaming
Missiles
 c - 13 tomahawks of returning (quivered)
 d - 2 throwing nets
Armour
 l - a +0 plate armour (worn)
 L - a +1 cloak of poison resistance (worn)
 T - a +0 pair of boots (worn)
 V - a cursed +0 pair of gloves (worn)
 W - a troll hide
Jewellery
 f - an amulet of resist mutation (around neck)
 m - a ring of protection from fire (left hand)
 w - a ring of positive energy (right hand)
 X - an uncursed ring of flight
Wands
 o - a wand of heal wounds (8)
 p - a wand of random effects (16)
 v - a wand of fireball (14)
Scrolls
 a - 2 scrolls of enchant armour
 j - 5 scrolls of teleportation
 k - 4 scrolls of fog
 n - 8 scrolls of remove curse
 q - 5 scrolls of blinking
 B - a scroll of identify
 M - a scroll of amnesia
 Q - a scroll of enchant weapon
Potions
 g - a potion of might {unknown}
 h - a potion of heal wounds {unknown}
 s - a potion of flight {unknown}
 t - 6 potions of curing
 u - 2 potions of lignification
 x - 2 potions of brilliance {unknown}
 z - 11 potions of poison
 A - 3 potions of agility
 E - 2 potions of berserk rage {unknown}
 G - 2 potions of magic {unknown}
 H - a potion of haste {unknown}
Comestibles
 b - 4 beef jerkies
 e - a bread ration
 i - 9 meat rations
 C - 8 slices of pizza
 D - 2 royal jellies
 P - 12 fruits


   Skills:
 + Level 10.6 Fighting
 * Level 15.8 Axes
 - Level 1.7 Throwing
 - Level 8.9 Armour
 - Level 2.6 Dodging


You had 11 spell levels left.
You didn't know any spells.

Dungeon Overview and Level Annotations

Branches:
Dungeon (12/15)            Temple (1/1) D:5            Lair (0/8) D:11
    Orc (3/4) D:11
    Elf: Orc:3-4

Altars:
Ashenzari
Cheibriados
Dithmenos
Elyvilon
Fedhas
Gozag
Kikubaaqudgha
Makhleb
Nemelex Xobeh
Okawaru
Qazlal
Ru
Sif Muna
Trog
Vehumet
Xom
Yredelemnul
Zin
The Shining One

Shops:
D:8 (   Orc:3 =

Annotations:
D:3 1 runed door


Innate Abilities, Weirdness & Mutations

You have a pair of small horns on your head.
You are mostly covered in iridescent scales (AC +6).
A weak demonic guardian rushes to your aid.
You are immune to rotting.


Message History

The frost giant freezes you.
The frost giant hits your iron imp with a battleaxe of freezing!!
The frost giant freezes your iron imp.
Your iron imp dies!
You hit the frost giant but do no damage.
You headbutt the frost giant, but do no damage.
The frost giant is lightly wounded.
Drink which item? (? for menu, Esc to quit)
You feel agile all of a sudden.
The frost giant hits you but does no damage.
You hit the frost giant but do no damage.
The frost giant is lightly wounded.
The frost giant casts a spell at you. The bolt of cold hits you!
The frost giant casts a spell at you. The bolt of cold hits you!
* * * LOW HITPOINT WARNING * * *
The frost giant points at you and mumbles some strange words.
The bolt of cold hits you!
You die...

##.....## ###..#
####...## ###.
##..Y#### ##
###....#######
###hh.#.Y..#### ###
###Y..h##...##
##C###### #########..#
###.#.#...## ###†..##
#.h###.@.⌠.# ##..†.##
###.h###.#.#####....##
#hhY##..#####.....###
#hC.###..####.....##
#Y.Y. ##...#....###
##... ###...#### ###.
##### $. "#


You could see a frost giant.

Vanquished Creatures
  Snorg (Orc:1)
  A hydra (D:8)
  Erolcha (D:9)
  3 death yaks (IceCv)
  An orc knight (Orc:2)
  Maurice (Orc:1)
  Joseph (D:7)
  An ice statue (IceCv)
  A fire drake (D:11)
  14 polar bears (IceCv)
  A troll (D:10)
  A two-headed ogre (D:11)
  A boulder beetle (Orc:1)
  A deep elf mage (D:10)
  16 yaks
  3 wraiths
  17 wolves (IceCv)
  A hungry ghost (D:10)
  A hippogriff (D:8)
  Menkaure (D:6)
  A steam dragon (D:10)
  3 wargs (Orc:1)
  The ghost of gw the Magician, an amateur DEFE (Sewer)
  A swamp drake (D:11)
  5 ice beasts
  3 sky beasts
  8 orc warriors
  A black bear (D:10)
  3 phantoms
  A slave (D:5)
  A necrophage (D:9)
  12 centaurs
  3 ogres
  4 big kobolds (D:8)
  An elf zombie (D:9)
  4 giant frogs
  A wyvern zombie (D:6)
  3 scorpions
  2 water moccasin skeletons (D:7)
  A wight (D:9)
  4 crimson imps
  3 centaur zombies
  17 orc priests
  A quasit (D:7)
  A giant frog zombie (D:7)
  5 jellies
  24 orc wizards
  Crazy Yiuf (D:5)
  2 human zombies (D:9)
  A centaur skeleton (D:4)
  4 giant frog skeletons
  2 hounds
  2 human skeletons (D:9)
  2 sheep (D:8)
  4 worker ants
  2 iguanas
  A killer bee zombie (D:5)
  An ogre zombie (D:9)
  2 hound zombies (D:6)
  A mummy (D:9)
  A worker ant zombie (D:6)
  9 adders
  5 gnolls
  A river rat (Sewer)
  2 shadow imps
  9 white imps (Orc:3)
  3 oozes
  An adder skeleton (D:6)
  A worm (Sewer)
  5 giant geckos
  110 orcs
  5 ball pythons
  6 giant cockroaches
  9 hobgoblins
  29 kobolds
  6 quokkas
  9 bats
  A giant gecko skeleton (D:6)
  A giant gecko zombie (D:6)
  5 giant newts
  15 goblins
  13 jackals
  An orc skeleton (D:9)
  2 quokka skeletons
  2 quokka zombies
  11 rats
  A plant (D:6)
470 creatures vanquished.

Vanquished Creatures (collateral kills)
  Pikel (D:4)
  Grinder (D:5)
  A trapdoor spider (D:11)
  A yak (IceCv)
  A slave (D:4)
  An ogre (D:4)
  A big kobold (Sewer)
  2 orc wizards (D:4)
  A killer bee zombie (D:6)
  An adder skeleton (D:4)
  5 orcs
  A quokka (D:4)
  A jackal (D:4)
18 creatures vanquished.

Vanquished Creatures (others)
  An orc priest (Orc:1)
  An orc wizard (Orc:1)
  A worker ant (D:5)
  2 orcs
5 creatures vanquished.

Grand Total: 493 creatures vanquished

Notes
Turn   | Place    | Note
--------------------------------------------------------------
     0 | D:1      | tizzy the Demonspawn Gladiator began the quest for the Orb.
     0 | D:1      | Reached XP level 1. HP: 16/16 MP: 1/1
   192 | D:1      | Reached skill level 3 in Axes
   250 | D:1      | Gained mutation: A weak demonic guardian rushes to your aid. [demonic ancestry]
   250 | D:1      | Reached XP level 2. HP: 15/22 MP: 2/2
   318 | D:1      | Found a shattered altar of Ashenzari.
   576 | D:1      | Reached XP level 3. HP: 27/27 MP: 3/3
   967 | D:2      | Reached skill level 4 in Axes
  1304 | D:3      | Found a white marble altar of Elyvilon.
  1304 | D:3      | Found a runed door.
  1304 | D:3      | Noticed an angel
  1625 | D:3      | Gained mutation: You are partially covered in iridescent scales (AC +4). [demonic ancestry]
  1625 | D:3      | Reached XP level 4. HP: 33/33 MP: 4/4
  1803 | D:3      | Reached skill level 5 in Axes
  2214 | D:3      | Gained mutation: You are immune to rotting. [demonic ancestry]
  2214 | D:3      | Reached XP level 5. HP: 38/38 MP: 5/5
  2525 | D:4      | Noticed an orc warrior
  2700 | D:4      | Noticed an ogre
  2879 | D:4      | Killed an ogre
  2879 | D:4      | Reached skill level 6 in Axes
  2879 | D:4      | Reached XP level 6. HP: 38/44 MP: 6/6
  2892 | D:4      | Noticed an ogre
  2900 | D:4      | Killed an ogre
  2987 | D:4      | Found a glowing drain.
  3000 | Sewer    | Entered a sewer
  3063 | Sewer    | Reached skill level 7 in Axes
  3223 | Sewer    | Noticed gw's ghost (amateur DEFE)
  3249 | Sewer    | Killed gw's ghost
  3249 | Sewer    | Reached XP level 7. HP: 32/50 MP: 7/7
  3823 | D:3      | Reached skill level 11 in Axes
  3823 | D:3      | Gained mutation: You have a pair of small horns on your head. [demonic ancestry]
  3823 | D:3      | Reached XP level 8. HP: 51/67 MP: 8/8
  3824 | D:3      | Reached skill level 13 in Axes
  3824 | D:3      | Reached skill level 5 in Armour
  3824 | D:3      | Reached XP level 9. HP: 54/72 MP: 9/9
  4630 | D:4      | Found a sacrificial altar of Ru.
  4661 | D:5      | Entered Level 5 of the Dungeon
  4667 | D:5      | Noticed Grinder
  4897 | D:5      | Noticed Pikel
  4940 | D:4      | Killed Pikel
  4963 | D:5      | Paralysed by Grinder for 4 turns
  4971 | D:5      | Killed Grinder
  5205 | D:5      | Found a staircase to the Ecumenical Temple.
  5231 | Temple   | Entered the Ecumenical Temple
  5613 | Temple   | Became a worshipper of Makhleb the Destroyer
  5941 | D:5      | Noticed Crazy Yiuf
  5948 | D:5      | Killed Crazy Yiuf
  6502 | D:6      | Noticed Menkaure
  6510 | D:6      | Killed Menkaure
  6552 | D:6      | Found a glowing silver altar of Zin.
  6590 | D:6      | Reached * piety under Makhleb
  6614 | D:6      | Found a shadowy altar of Dithmenos.
  6825 | D:6      | Reached XP level 10. HP: 73/80 MP: 10/10
  7102 | D:7      | Found a basalt altar of Yredelemnul.
  7106 | D:7      | Found a glowing golden altar of the Shining One.
  7112 | D:7      | Noticed a profane servitor
  7280 | D:7      | Noticed Joseph
  7297 | D:7      | Killed Joseph
  7788 | D:7      | Noticed an angel
  7907 | D:8      | Found Vibuok's Antique Weapon Shop.
  7936 | D:8      | Found a sparkling altar of Nemelex Xobeh.
  8187 | D:8      | Reached ** piety under Makhleb
  8531 | D:8      | Found a snail-covered altar of Cheibriados.
  8713 | D:8      | Found a bloodstained altar of Trog.
  9076 | D:8      | Noticed a three-headed hydra
  9083 | D:8      | Killed a one-headed hydra
  9304 | D:9      | Found a shattered altar of Ashenzari.
  9350 | D:9      | Reached *** piety under Makhleb
  9378 | D:9      | Found a basalt altar of Yredelemnul.
  9460 | D:9      | Noticed Erolcha
  9484 | D:8      | Identified a scroll of acquirement
  9562 | D:9      | Found a radiant altar of Vehumet.
  9562 | D:9      | Found a white marble altar of Elyvilon.
  9622 | D:9      | Found a stormy altar of Qazlal.
  9745 | D:9      | Found a shimmering altar of Xom.
  9763 | D:9      | Got a flickering golden ring
  9780 | D:9      | Reached skill level 14 in Axes
 10099 | D:9      | Killed Erolcha
 10099 | D:9      | Reached XP level 11. HP: 53/87 MP: 11/11
 10164 | D:10     | Entered Level 10 of the Dungeon
 10658 | D:10     | Reached **** piety under Makhleb
 10985 | D:11     | Found a staircase to the Lair.
 11372 | D:11     | Identified the ring "Kudolit" {Int+2 Dex+3} (You found it on level 9 of the Dungeon)
 11567 | D:11     | Reached ***** piety under Makhleb
 11619 | D:11     | Found a staircase to the Orcish Mines.
 11827 | Orc:1    | Entered Level 1 of the Orcish Mines
 11868 | Orc:1    | Noticed Maurice
 11935 | Orc:1    | Killed Maurice
 12441 | Orc:2    | Reached ****** piety under Makhleb
 12950 | Orc:1    | Noticed Snorg
 12961 | Orc:1    | Killed Snorg
 13149 | Orc:3    | Found Kiurphoh's Jewellery Shoppe.
 13180 | Orc:3    | Gained mutation: You are mostly covered in iridescent scales (AC +6). [demonic ancestry]
 13180 | Orc:3    | Reached XP level 12. HP: 95/97 MP: 12/12
 13197 | Orc:3    | Found a flagged portal.
 13213 | Bailey   | Entered a bailey
 13333 | Bailey   | Found an iron altar of Okawaru.
 13418 | Orc:3    | Found a frozen archway.
 13434 | IceCv    | Entered an ice cave
 13495 | IceCv    | Reached skill level 15 in Axes
 13575 | IceCv    | Reached skill level 10 in Fighting
 14072 | IceCv    | Noticed a frost giant
 14086 | IceCv    | Killed from afar by a frost giant

Action                   |  1- 3 |  4- 6 |  7- 9 | 10-12 || total
-------------------------+-------+-------+-------+-------++-------
Melee: War axe           |   136 |   141 |   189 |       ||   466
       Hand axe          |       |       |    62 |   371 ||   433
       Broad axe         |       |       |       |   598 ||   598
Throw: Throwing net      |       |       |     2 |     1 ||     3
       Tomahawk          |       |       |       |    17 ||    17
Evoke: Wand              |       |       |     1 |     1 ||     2
  Use: Scroll            |       |       |    11 |    11 ||    22
       Potion            |       |       |     2 |     1 ||     3
 Stab: Distracted        |       |       |     3 |     2 ||     5
       Held in net/web   |       |       |     2 |     1 ||     3
       Confused          |       |       |       |     1 ||     1
  Eat: Chunk             |     2 |     4 |     6 |     7 ||    19
       Beef jerky        |       |     1 |       |     1 ||     2
       Bread ration      |       |       |     1 |     6 ||     7
